 Dungeon Sprint DCSS version 0.27.1-33-g824d729ab1 (webtiles) character file.

Game seed: 5123070864904568680

107 manyhoops the Chopper (level 4, -2/47 HPs)
             Began as a Minotaur Berserker on Nov 25, 2021.
             Was a Follower of Trog.
             Slain by Sigmund (9 damage)
             ... in the Dungeon (Sprint I: "Red Sonja").
             The game lasted 00:00:28 (116 turns).

manyhoops the Chopper (Minotaur Berserker)           Turns: 116, Time: 00:00:29

Health: -2/47      AC:  5    Str: 23    XL:     4   Next: 57%
Magic:  3/3        EV: 12    Int:  4    God:    Trog [*.....]
Gold:   0          SH:  0    Dex:  9    Spells: 3/3 levels left

rFire    . . .     SeeInvis .   a - +0 hand axe
rCold    . . .     Faith    .   (no shield)
rNeg     . . .     Spirit   .   i - +0 ring mail
rPois    .         Reflect  .   (helmet restricted)
rElec    .         Harm     .   (no cloak)
rCorr    .         Rampage  .   (no gloves)
Will     .....     NoTele   +   (no boots)
Stlth    ..........             (no amulet)
HPRegen  0.15/turn              (no ring)
MPRegen  0.08/turn              (no ring)

@: confused, on berserk cooldown, slowed, very slow
A: horns 2, retaliatory headbutt
a: Renounce Religion, Berserk


You were in the Dungeon.
You worshipped Trog.
Trog was aware of your devotion.
You visited 1 branch

Inventory:

Hand Weapons
 a - a +0 hand axe (weapon)
Armour
 b - a +0 animal skin
 i - a +0 ring mail (worn)
Scrolls
 h - a scroll of blinking
Potions
 e - a potion of haste
 f - 2 potions of magic
 g - a potion of berserk rage


   Skills:
 + Level 7.5 Fighting
 + Level 7.9 Axes
 + Level 4.0 Armour
 + Level 4.1 Dodging


You had 3 spell levels left.
You didn't know any spells.
Your spell library was empty.

Dungeon Overview and Level Annotations

Branches:
Dungeon (1/1)

Altars:

Annotations:
D Sigmund


Innate Abilities, Weirdness & Mutations

You have a pair of horns on your head.
You reflexively headbutt those who attack you in melee.


Message History

Unknown command.
You're too confused to move!
You feel a strong urge to attack something.
You are no longer berserk.
You are exhausted.
You feel yourself slow down. Something hits you.
You bump into the rock wall.
Something hits you!
You hit something but do no damage. Something hits you.
You feel less confused. Something hits you!
There is an open door here.
Something hits you.
* * * LOW HITPOINT WARNING * * *
You feel better. Something hits you.
You feel much better. Something barely misses you.
Unknown command.
You barely miss something. You headbutt something! You slash something!
Something hits you!
Unknown command.
You hit something but do no damage.
You hear some strange, mumbled words.
Something tries to affect you, but you resist.
Something hits you!
Unknown command.
You hit something but do no damage.
You hear some strange, mumbled words.
You are confused.
Unknown command.
Unknown command.
You bump into the stone wall.
You hear some strange, mumbled words.
A magic dart appears from out of thin air!
The magic dart hits you.
You miss something. Something hits you!
* * * LOW HITPOINT WARNING * * *
Unknown command.
Unknown command.
You completely miss something. Something hits you but does no damage.
Something hits you!
You die...

#############
#<.#..)..#.{+
#..)..#..'@.#
#..#####+####
#..# #..#
#..# #⌠⌠#
####


There were no monsters in sight!

Vanquished Creatures
  An ogre (D)
  Ijyb (D)
2 creatures vanquished.

Notes
Turn   | Place    | Note
-------+----------+-------------------------------------------
     0 | D        | manyhoops the Minotaur Berserker began the quest for the
                  | Orb.
     0 | D        | Reached XP level 1. HP: 19/19 MP: 0/0
     1 | D        | Noticed Ijyb
     7 | D        | Killed Ijyb
     8 | D        | Reached skill level 5 in Fighting
     8 | D        | Reached skill level 5 in Axes
     8 | D        | Reached XP level 2. HP: 29/29 MP: 1/1
    49 | D        | Noticed an ogre
    53 | D        | Killed an ogre
    54 | D        | Reached XP level 3. HP: 39/39 MP: 2/2
    54 | D        | Reached XP level 4. HP: 47/47 MP: 3/3
    96 | D        | Noticed Sigmund
   116 | D        | Slain by Sigmund

Illustrated notes

Levels and vault maps discovered:
D:        dungeon_sprint_1 [red_sonja_temple_1, red_sonja_temple_small_1]

Skill      XL: |  1  2 |
---------------+-------+-----
Fighting       | 5 7 |  7.5
Axes           | 5 7 |  7.9
Armour         | 3 4 |  4.0
Dodging        | 3 4 |  4.1

Action                   |  1- 3 |  4- 6 || total
-------------------------+-------+-------++-------
Melee: Hand axe          |     8 |     8 ||    16
       Headbutt          |     2 |     1 ||     3
Invok: Berserk           |     2 |     1 ||     3
  Use: Potion            |       |     2 ||     2
Armor: Ring mail         |       |     1 ||     1
Dodge: Dodged            |     2 |     1 ||     3
